 Dungeon Crawl Stone Soup version bcrawl-1.27.3 (webtiles) character file.

Game seed: 15578363842878287061

235092 Faustar the Shooter (level 7, -3/44 HPs)
             Began as a Skeleton Arcane Marksman on Aug 10, 2020.
             Was a Believer of Ru.
             Slain by a worker ant (5 damage)
             ... on level 3 of the Dungeon.
             The game lasted 00:11:17 (3047 turns).

Faustar the Shooter (Skeleton Arcane Marksman)      Turns: 3047, Time: 00:11:18

Health: -3/44      AC:  2    Str: 17      XL:     7   Next: 10%
Magic:  0/11       EV: 12    Int: 11 (13) God:    Ru [**....]
Gold:   206        SH:  0    Dex:  9      Spells: 9/12 levels left

rFire    . . .     SeeInvis .   a - +1 shortbow
rCold    + . .     Gourm    .   (shield currently unavailable)
rNeg     + + +     Faith    .   c - +0 robe
rPois    ∞         Spirit   +   (no helmet)
rElec    .         Reflect  .   (no cloak)
rCorr    .         Harm     .   (no gloves)
MR       +....                  (no boots)
Stlth    +.........             (no amulet)
HPRegen  0.14/turn              j - ring of flight
MPRegen  0.12/turn              (no ring)

@: no status effects
A: no food or potions, cold resistance 1, deterioration 1, negative energy
resistance 3, powered by death 1, torment resistance, unbreathing, magic shield,
inexperienced 1, sturdy frame 1, spell healing
a: Renounce Religion, Evoke Flight


You were on level 3 of the Dungeon.
You worshipped Ru.
Ru was pleased with you.
You were not hungry.

You visited 2 branches of the dungeon, and saw 5 of its levels.

You collected 206 gold pieces.

Inventory:

Hand Weapons
 a - a +1 shortbow (weapon)
 b - a +0 dagger
Missiles
 e - 339 arrows (quivered)
Armour
 c - a +0 robe (worn)
 d - a +0 cloak
 i - a +0 ring mail
Jewellery
 j - a ring of flight (left hand)


   Skills:
 + Level 4.8 Fighting
 * Level 6.6 Bows
 - Level 2.0 Dodging
 - Level 3.0 Spellcasting
 + Level 5.4 Hexes


You had 9 spell levels left.
You knew the following spells:

 Your Spells              Type           Power        Failure   Level  Hunger
a - Corona                Hex            ##.....      2%          1    N/A
b - Shackle               Hex            ##......     4%          2    N/A

Your spell library contained the following spells:

 Spells                   Type           Power        Failure   Level  Hunger
 False Image              Hex/Summ       #.......     26%         3    N/A
 Inner Flame              Hex/Fire       N/A          26%         3    N/A
 Cause Fear               Hex            ##........   28%         4    N/A
 Yara's Violent Unravell  Hex/Tmut       #.........   65%         4    N/A

Dungeon Overview and Level Annotations

Branches:
Dungeon (4/12)             Temple (1/1) D:4

Altars:
Lugonu
Ru

Annotations:
D:4 1 runed translucent door, Duvessa; Ijyb; Winsalot's ghost, amateur OnCj


Innate Abilities, Weirdness & Mutations

You do not eat or drink.
You are immune to poison.
Your flesh is cold resistant. (rC+)
Your body sometimes deteriorates upon taking damage.
You are immune to negative energy. (rN+++)
You regenerate a little health from kills.
You are immune to unholy pain and torment.
You can survive without breathing.
When hurt, damage is shared between your health and your magic reserves.
You are somewhat inexperienced. (-2 XL)
Your movements are slightly less encumbered by armour. (ER -2)
Casting spells heals you.


Message History

Unknown command.
Unknown command.
Unknown command.
Okay, then.
Unknown command.
Unknown command.
Casting: Shackle (safe; 4% risk of failure)
Confirm with . or Enter, or press ? or * to list all spells.
You don't have enough magic to cast that spell.
Unknown command.
Unknown command.
You can't drink.
Unknown command.
The worker ant barely misses you.
Firing (i - inventory)
e - 340 arrows (quivered)
Press: ? - help, Shift-Dir - straight line, f - adder
Aim: an adder (almost dead)
You shoot an arrow. The arrow barely misses the adder.
The adder closely misses you. The worker ant bites you.
You die...

############.#...>.###..
##.(#####.##...
##########..............
##............#######....
##............).## #...#
#...............%# #...#
#.............<).#####...#
#.........S...............
#........@a.....#####.#.##
#.......(......######.#.##
##........%...####........
##.........!.............
##############..........
#.......... #..........
#.......... #..........


You could see a worker ant and an adder.

Vanquished Creatures
  Sigmund (D:4)
  A phantom (D:4)
  An ogre (D:4)
  Dowan (D:4)
  A howler monkey (D:4)
  A crimson imp (D:4)
  A hound (D:3)
  A jelly (D:4)
  A centaur skeleton (D:4)
  4 adders
  2 worms (D:1)
  4 dart slugs
  7 leopard geckos
  8 orcs
  4 bats
  4 goblins
  8 hobgoblins
  3 jackals (D:3)
  3 quokkas
  A frilled lizard (D:1)
  7 kobolds
  21 rats
85 creatures vanquished.

Notes
Turn   | Place    | Note
-------+----------+-------------------------------------------
     0 | D:1      | Faustar the Skeleton Arcane Marksman began the quest for
                  | the Orb.
     0 | D:1      | Reached XP level 1. HP: 12/12 MP: 4/4
   105 | D:1      | Reached XP level 2. HP: 18/18 MP: 6/6
   712 | D:1      | Reached skill level 3 in Bows
   713 | D:1      | Reached XP level 3. HP: 22/22 MP: 7/7
  1114 | D:2      | Learned a level 2 spell: Shackle
  1195 | D:2      | Found a sacrificial altar of Ru.
  1204 | D:2      | Became a worshipper of Ru the Awakened
  1709 | D:3      | Reached XP level 4. HP: 27/28 MP: 5/8
  2198 | D:3      | Found a corrupted altar of Lugonu.
  2263 | D:3      | Gained mutation: You are somewhat inexperienced. (-2 XL)
                  | [Ru sacrifice]
  2263 | D:3      | Reached XP level 3. HP: 23/23 MP: 7/7
  2263 | D:3      | Reached XP level 2. HP: 19/19 MP: 6/6
  2263 | D:3      | Reached * piety under Ru
  2263 | D:3      | Reached ** piety under Ru
  2381 | D:4      | Noticed a crimson imp
  2384 | D:4      | Noticed Ijyb
  2394 | D:3      | Reached XP level 3. HP: 15/23 MP: 0/7
  2556 | D:3      | Reached skill level 4 in Bows
  2595 | D:4      | Found a runed translucent door.
  2601 | D:4      | Noticed Winsalot's ghost (amateur OnCj)
  2608 | D:4      | Reached XP level 4. HP: 29/29 MP: 8/8
  2649 | D:4      | Noticed Sigmund
  2653 | D:4      | Killed Sigmund
  2653 | D:4      | Reached skill level 5 in Bows
  2653 | D:4      | Reached XP level 5. HP: 33/33 MP: 9/9
  2660 | D:4      | Found a staircase to the Ecumenical Temple.
  2669 | Temple   | Entered the Ecumenical Temple
  2679 | D:4      | Noticed a phantom
  2708 | D:4      | Killed a phantom
  2708 | D:4      | Reached skill level 5 in Hexes
  2708 | D:4      | Gained mutation: You regenerate a little health from kills.
                  | [Skeleton growth]
  2708 | D:4      | Reached XP level 6. HP: 39/39 MP: 6/10
  2733 | D:4      | Reached skill level 6 in Bows
  2751 | D:4      | Noticed Duvessa
  2756 | D:4      | Noticed Dowan
  2763 | D:4      | Killed Dowan
  2763 | D:4      | Reached XP level 7. HP: 44/44 MP: 7/11
  3044 | D:4      | HP: 1/44 [adder (4)]
  3047 | D:3      | Slain by a worker ant

Skill      XL: |  1  2  3  4  5  6 |
---------------+-------------------+-----
Bows           | 3 4 5 6 |  6.6
Fighting       | 3 4 |  4.8
Hexes          | 4 5 |  5.4
Dodging        | |  2.0
Spellcasting   | |  3.0

Action                   |  1- 3 |  4- 6 |  7- 9 || total
-------------------------+-------+-------+-------++-------
Melee: Dagger            |    62 |       |       ||    62
 Fire: Shortbow          |   127 |   116 |    11 ||   254
 Cast: Shackle           |    11 |    14 |     8 ||    33
       Corona            |     2 |     5 |     1 ||     8
Invok: Sacrifice Experie |     1 |       |       ||     1
Evoke: Wand              |     1 |     4 |       ||     5
  Use: Scroll            |       |     1 |     1 ||     2
Armor: Robe              |    17 |       |       ||    17
Dodge: Dodged            |    75 |    15 |    12 ||   102
